 Dungeon Crawl Stone Soup version 0.29.0-11-gd7f09526c8 (webtiles) character file.

Game seed: 12980840564976687663

178494 Flugkiller the Executioner (level 17, -1/162 HPs)
             Began as a Minotaur Fighter on Sept 4, 2022.
             Was an Initiate of Gozag.
             Slain by a salamander
             ... wielding a +0 halberd
              (6 damage)
             ... on level 3 of the Snake Pit.
             The game lasted 00:16:21 (29362 turns).

Flugkiller the Executioner (Minotaur Fighter)      Turns: 29362, Time: 00:16:22

Health: -1/162     AC: 36    Str: 24    XL:     17   Next: 27%
Magic:  15/16      EV: 10    Int:  8    God:    Gozag
Gold:   5999       SH: 17    Dex: 18    Spells: 16/16 levels left

rFire   + . .      SeeInvis .   I - +6 broad axe (spect)
rCold   x . .      Faith    .   H - +0 kite shield {AC+3}
rNeg    + . .      Spirit   .   M - +4 plate armour {rN+}
rPois   +          Reflect  +   D - +2 hat {Int+3}
rElec   .          Harm     .   f - +2 cloak {Will+}
rCorr   .          Rampage  .   L - +2 pair of gloves {Str+3}
Will    ++...                   a - +0 pair of boots
Stlth   ..........              A - amulet of reflection
HPRegen 0.37/turn               g - ring of fire
MPRegen 0.15/turn               o - ring of poison resistance

@: lethally poisoned (-1 -> -3), weakened, constricted
A: horns 2, retaliatory headbutt
}: 1/15 runes: serpentine
a: Renounce Religion, Potion Petition, Call Merchant, Bribe Branch


You were on level 3 of the Snake Pit.
You worshipped Gozag.
Gozag was greatly pleased with you.
You visited 4 branches of the dungeon, and saw 26 of its levels.
You also visited: Bailey.

You collected 11428 gold pieces.
You spent 3529 gold pieces at shops.
You paid 1900 gold pieces to Gozag.

Inventory:

Hand Weapons
 I - a +6 spectral broad axe (weapon)
   (You took it off an orc warlord in a bailey)
 K - a +1 whip of distortion
   (You took it off an orc on level 11 of the Dungeon)
Missiles
 m - a throwing net (quivered)
Armour
 a - a +0 pair of boots (worn)
   (You found it on level 4 of the Dungeon)
 b - the +8 ice dragon scales of the Ego {rF- rC++ rN+ Will++}
   (You bought it in a shop on level 2 of the Orcish Mines)

   rF:        It makes you vulnerable to fire.
   rC:        It greatly protects you from cold.
   rN:        It protects you from negative energy.
   Will:      It greatly increases your willpower.
 f - a +2 cloak of willpower (worn)
   (You bought it in a shop on level 2 of the Orcish Mines)
 D - a +2 hat of intelligence (worn)
   (You took it off Gastronok on level 9 of the Dungeon)
 H - a +0 kite shield of protection (worn)
   (You took it off a naga warrior on level 4 of the Snake Pit)
 L - a +2 pair of gloves of strength (worn)
   (You bought it in a shop on level 5 of the Dungeon)
 M - a +4 plate armour of positive energy (worn)
   (You took it off Louise on level 1 of the Snake Pit)
Jewellery
 c - a ring of positive energy
   (You found it on level 1 of the Snake Pit)
 g - a ring of fire (left hand)
   (You found it on level 2 of the Lair of Beasts)
 i - a ring of see invisible
   (You found it on level 4 of the Dungeon)
 j - a +4 ring of slaying
   (You found it on level 6 of the Dungeon)
 o - a ring of poison resistance (right hand)
   (You found it on level 9 of the Dungeon)
 y - a ring of flight
   (You found it on level 7 of the Dungeon)
 A - an amulet of reflection (around neck)
   (You found it on level 7 of the Dungeon)
Wands
 u - a wand of paralysis (7)
   (You found it on level 4 of the Dungeon)
 C - a wand of light (1)
   (You found it on level 7 of the Dungeon)
 P - a wand of mindburst (15)
   (You found it on level 5 of the Lair of Beasts)
Scrolls
 k - 4 scrolls of fear
 l - 7 scrolls of magic mapping
 r - 6 scrolls of identify
 t - 12 scrolls of teleportation
 x - 5 scrolls of fog
 z - a scroll of blinking
 B - 5 scrolls of immolation
 E - 2 scrolls of enchant armour
 J - a scroll of silence
Potions
 d - 2 potions of might
 e - 2 potions of invisibility
 h - 7 potions of haste
 n - 3 potions of resistance
 p - 6 potions of lignification
 q - 11 potions of curing
 s - 2 potions of berserk rage
 v - a potion of magic
 w - a potion of heal wounds
 F - a potion of flight {unknown}
 G - 2 potions of ambrosia
 N - 3 potions of mutation


   Skills:
 + Level 17.4 Fighting
 - Level 22.9 Axes
 + Level 17.4 Armour
 * Level 12.4 Dodging
 + Level 10.3 Shields
 - Level 6.0 Evocations


You had 16 spell levels left.
You didn't know any spells.
Your spell library was empty.

Dungeon Overview and Level Annotations

Branches:
Dungeon (15/15)            Temple (0/1) D:7            Lair (5/5) D:11
 Shoals (0/4) Lair:2        Snake (4/4) Lair:3        Slime (0/5) Lair:5
    Orc (2/2) D:11            Elf (0/3) Orc:2        Vaults (0/5) D:14
 Depths (0/4) D:15         Bailey (visited)

Altars:
Ashenzari
Cheibriados
Elyvilon
Gozag
Kikubaaqudgha
Makhleb
Nemelex Xobeh
Qazlal
Ru
Trog
Vehumet
Xom
Zin

Shops:
D:5 [=[[   D:11 ?   Orc:2 *[*?[?(

Annotations:
D:9 1 runed translucent door, sentinel's ghost, novice MeVM
D:13 2 transporters, HilariousDeathArtist's ghost, journeyman VSBe
Snake:3 Vashnia


Innate Abilities, Weirdness & Mutations

You have a pair of horns on your head.
You reflexively headbutt those who attack you in melee.


Message History

You feel as though you will be weak longer.
The salamander tyrant hits you but does no damage.
The naga sharpshooter unwields a +0 hand axe.
The naga sharpshooter wields a +0 shortbow.
The naga sharpshooter gestures wildly while chanting.
The naga sharpshooter magically shoots an arrow.
You reflect the arrow off an invisible shield around you!
The naga warrior spits poison at you.
The splash of poison hits you but does no damage.
You resist.
The salamander hits you but does no damage.
You block the salamander's attack. The anaconda barely misses you.
The black mamba bites you but does no damage.
You block the anaconda's attack. The anaconda constricts you.
The naga warrior hits you with a +0 battleaxe!
You hear an angry hiss.
You escape the anaconda's grasp.
You feel sick. The black mamba misses you. You block the anaconda's attack. x2
Vashnia says, "Slay the Minotaur at once!"
The naga sharpshooter gestures wildly while chanting.
The naga sharpshooter magically shoots an arrow.
The arrow hits you. The anaconda grabs you.
You stop descending the stairs.
You block the anaconda's attack. The anaconda constricts you.
You block the salamander's attack. The salamander closely misses you.
The naga hits you but does no damage.
The naga mage mumbles some strange words.
The naga mage seems to speed up.
The guardian serpent casts a spell at you.
The naga mage blinks!
The anaconda bites you but does no damage.
The naga warrior spits poison at you.
The splash of poison hits you but does no damage.
You resist. The black mamba bites you.
The anaconda's grasp on you weakens, but your attempt to escape fails.
You feel sick. You block the anaconda's attack. The anaconda constricts you.
The salamander hits you from afar with a +2 halberd.
You are engulfed in flames.
You resist. The salamander tyrant hits you.
You are engulfed in flames!
You resist.
The anaconda bites you but does no damage.
You block the black mamba's attack.
The naga mage hits you with a +1 antimagic whip.
You feel your power leaking away.
The salamander hits you but does no damage.
The naga sharpshooter gestures wildly while chanting.
The naga sharpshooter magically shoots an arrow.
The arrow hits you but does no damage.
The salamander hits you but does no damage.
The naga warrior spits poison at you. The splash of poison misses you.
The splash of poison hits the naga warrior but does no damage.
The naga warrior is poisoned.
You block the naga's attack. The anaconda barely misses you.
The anaconda constricts you.
The salamander hits you but does no damage.
The naga warrior hits you but does no damage.
You escape the anaconda's grasp.
You feel sick. You block the anaconda's attack. The anaconda misses you.
The black mamba completely misses you. You block the naga mage's attack.
The naga mage barely misses you.
The guardian serpent coils itself and waves its upper body at you.
The salamander tyrant barely misses you.
You furiously retaliate!
You headbutt the salamander tyrant. You block the black mamba's attack.
The salamander hits you but does no damage.
You block the anaconda's attack.
The anaconda bites you but does no damage.
The anaconda closely misses you.
The anaconda bites you but does no damage.
The salamander barely misses you. The salamander closely misses you.
You block the naga's attack.
The naga warrior roars a battlecry!
The nagas go into a battle-frenzy!
The naga warrior hits you with a +0 battleaxe!!
The naga warrior grabs you.
You stop descending the stairs.
The naga warrior constricts you.
You escape the naga warrior's grasp.
You feel sick. The anaconda grabs you.
You stop descending the stairs.
The anaconda barely misses you. The anaconda constricts you.
You block the black mamba's attack. You block the anaconda's attack.
The salamander hits you from afar with a +2 halberd!
* * * LOW HITPOINT WARNING * * *
You are engulfed in flames!
You resist.
* * * LOW HITPOINT WARNING * * *
The salamander tyrant hits you.
* * * LOW HITPOINT WARNING * * *
You are engulfed in flames!
You resist.
* * * LOW HITPOINT WARNING * * *
Vashnia casts a spell.
Vashnia blinks!
A naga sharpshooter comes into view. It is wielding a +0 long sword.
The anaconda closely misses you. You furiously retaliate!
You headbutt the anaconda. The anaconda constricts you.
The black mamba misses you. You block the salamander's attack.
The anaconda bites you but does no damage.
The naga mage casts a spell at Vashnia.
Vashnia seems to grow toxic.
The salamander hits you from afar with a +0 halberd!
* * * LOW HITPOINT WARNING * * *
You are engulfed in flames.
You resist.
You die...
Your body crumbles into a pile of gold.

##### #...##.
##...... ##.....#
#########.....# #
#.....$$$..NS.###...
#...<.$$.NNNSN..#
##.(.$.$.NS@SN#
##....$...NN###
#..........S.#
#.......$...N.S...$
#......N....N.....
#......##....)....
#...#####.......N.
#..# ........N.. ..#
#.........


You could see Vashnia (strong, curare), 2 naga warriors, 3 naga sharpshooters, a
salamander tyrant (strong), a salamander mystic (strong), 3 salamanders, 2
anacondas, a shock serpent, a guardian serpent, 2 black mambas, a naga mage
(fast, strong) and 2 nagas.

Vanquished Creatures
  Gastronok (D:9)
  2 nagarajas (Snake:4)
  3 orc warlords
  Louise (Snake:1)
  An ironbound preserver (D:14)
  An ettin (Orc:2)
  Harold (D:9)
  An ogre mage (D:15)
  5 boulder beetles
  3 salamander tyrants (Snake:4)
  4 catoblepae
  6 hydras
  6 anacondas
  2 centaur warriors
  Erica (D:8)
  13 naga warriors
  6 death yaks (Lair:5)
  2 tengu warriors
  5 two-headed ogres
  10 naga sharpshooters
  9 shock serpents
  19 skeletal warriors
  5 salamander mystics
  3 sea snakes (Snake:4)
  A flayed ghost (D:15)
  Pikel (D:8)
  4 orc knights
  2 wizards
  A deep elf pyromancer (D:12)
  4 naga ritualists
  A necromancer (D:15)
  12 mana vipers
  2 wolf spider zombies (D:15)
  A frost giant zombie (D:15)
  7 orc sorcerers
  A fire giant zombie (D:15)
  5 manticores
  14 ugly things
  9 salamanders
  7 cyclopes
  3 centaur zombies (D:15)
  9 elephants (Lair:5)
  A guardian serpent (shapeshifter) (D:15)
  A fire giant skeleton (D:15)
  28 black mambas
  A merfolk siren (Lair:2)
  2 gargoyles
  13 naga magi
  2 torpor snails
  2 guardian serpents
  Maggie (D:9)
  11 cane toads
  2 unseen horrors
  4 komodo dragons
  A tengu conjurer (D:15)
  A kobold demonologist (D:12)
  A hornet (Lair:2)
  4 polar bears
  6 trolls
  A wolf spider simulacrum (D:14)
  Prince Ribbit (D:9)
  7 slime creatures
  25 blink frogs
  A blink frog (shapeshifter) (D:13)
  A dream sheep (Lair:3)
  2 centaur simulacra (D:12)
  4 shadows
  85 yaks
  A water elemental (D:13)
  4 wraiths
  A spriggan skeleton (D:15)
  6 wyverns
  3 steam dragons
  2 basilisks
  9 wargs
  6 vampire mosquitoes
  Edmund (D:6)
  2 acid dragons
  24 nagas
  6 water moccasins
  3 ice beasts
  52 orc warriors
  2 sky beasts (D:7)
  9 ogres
  30 wolves
  A centaur (D:8)
  A lemure (D:8)
  13 bullfrogs
  2 kobold brigands
  A gnoll sergeant (D:9)
  A necrophage (D:7)
  4 wights
  14 killer bees
  11 howler monkeys
  A crimson imp (D:6)
  22 orc priests
  2 gnoll boudas
  9 hounds
  An iguana (D:5)
  28 orc wizards
  2 adders
  20 gnolls
  A white imp (D:8)
  An ufetubus (D:4)
  3 worms (D:2)
  12 dart slugs
  123 orcs
  2 ball pythons
  8 endoplasms
  5 giant cockroaches
  11 hobgoblins
  2 jackals (D:4)
  3 quokkas
  5 bats (D:1)
  7 frilled lizards
  21 goblins
  23 kobolds
  2 rats
925 creatures vanquished.

Vanquished Creatures (others)
  16 fungi
  27 plants
  3 withered plants (D:15)
46 creatures vanquished.

Grand Total: 971 creatures vanquished

Notes
Turn   | Place    | Note
-------+----------+-------------------------------------------
     0 | D:1      | Flugkiller the Minotaur Fighter began the quest for the
                  | Orb.
     0 | D:1      | Reached XP level 1. HP: 19/19 MP: 0/0
    76 | D:1      | Reached skill level 3 in Axes
    76 | D:1      | Reached XP level 2. HP: 25/27 MP: 1/1
   783 | D:1      | Reached XP level 3. HP: 32/33 MP: 2/2
  1787 | D:3      | Reached skill level 4 in Axes
  1822 | D:3      | Reached XP level 4. HP: 32/40 MP: 3/3
  1989 | D:3      | Found a faded altar of an unknown god.
  2562 | D:3      | Found an opulent altar of Gozag.
  2790 | D:4      | Reached skill level 5 in Axes
  2790 | D:4      | Reached XP level 5. HP: 44/47 MP: 4/4
  3259 | D:3      | Became a worshipper of Gozag Ym Sagoz the Greedy
  3341 | D:4      | Reached skill level 5 in Fighting
  3341 | D:4      | Reached skill level 5 in Armour
  3445 | D:4      | Found a sacrificial altar of Ru.
  3728 | D:4      | Reached XP level 6. HP: 53/56 MP: 5/5
  4002 | D:4      | Found a glowing silver altar of Zin.
  4136 | D:5      | Entered Level 5 of the Dungeon
  4198 | D:5      | Found Kuufock's Jewellery Emporium.
  4262 | D:5      | Found Qaneotad's Armour Emporium.
  4267 | D:5      | Noticed an ice beast
  4274 | D:5      | Killed an ice beast
  4275 | D:5      | Reached skill level 6 in Axes
  4275 | D:5      | Reached skill level 1 in Evocations
  4277 | D:5      | Bought a +1 pair of gloves of strength for 181 gold pieces
  4288 | D:5      | Bought a +0 cloak for 49 gold pieces
  4548 | D:5      | Found Qiasuj's Antique Armour Shoppe.
  4605 | D:5      | Reached XP level 7. HP: 58/61 MP: 6/6
  4678 | D:5      | Found Raerao Fyst's Antique Armour Boutique.
  4748 | D:5      | Reached skill level 7 in Axes
  5022 | D:6      | Noticed Edmund
  5032 | D:6      | Killed Edmund
  5033 | D:6      | Reached skill level 8 in Axes
  5033 | D:6      | Reached XP level 8. HP: 71/71 MP: 7/7
  5334 | D:6      | Found a burning altar of Makhleb.
  5897 | D:7      | Reached skill level 9 in Axes
  6067 | D:7      | Found a staircase to the Ecumenical Temple.
  6203 | D:7      | Reached XP level 9. HP: 79/79 MP: 8/8
  6437 | D:8      | Found a flagged portal.
  6448 | Bailey   | Entered a bailey
  6628 | Bailey   | Reached skill level 10 in Axes
  6649 | Bailey   | Noticed an orc knight
  6697 | Bailey   | Killed an orc knight
  7074 | Bailey   | Noticed an orc warlord
  7083 | Bailey   | Reached skill level 16 in Axes
  7083 | Bailey   | Reached XP level 10. HP: 88/88 MP: 9/9
  7102 | Bailey   | Reached skill level 5 in Evocations
  7106 | Bailey   | Killed an orc warlord
  7420 | D:8      | Noticed Erica
  7420 | D:8      | Paralysed by Erica for 3 turns
  7426 | D:8      | Paralysed by Erica for 3 turns
  7431 | D:8      | Killed Erica
  7432 | D:8      | Reached XP level 11. HP: 91/95 MP: 10/10
  7437 | D:8      | Identified a scroll of acquirement
  7439 | D:8      | Acquired 969 gold pieces
  7444 | D:8      | Found a snail-covered altar of Cheibriados.
  7444 | D:8      | Noticed a two-headed ogre
  7592 | D:8      | Noticed Pikel
  7602 | D:8      | Killed Pikel
  7670 | D:8      | Found a white marble altar of Elyvilon.
  7854 | D:8      | Found a sparkling altar of Nemelex Xobeh.
  7904 | D:8      | Found an ancient bone altar of Kikubaaqudgha.
  8305 | D:9      | Noticed Harold
  8317 | D:9      | Killed Harold
  8505 | D:9      | Noticed Maggie
  8513 | D:9      | Killed Maggie
  8514 | D:9      | Reached skill level 17 in Axes
  8630 | D:9      | Found a shimmering altar of Xom.
  8949 | D:9      | Found a runed translucent door.
  8950 | D:9      | Noticed sentinel's ghost (novice MeVM)
  9227 | D:9      | Noticed Gastronok
  9240 | D:9      | Killed Gastronok
  9241 | D:9      | Reached skill level 10 in Fighting
  9241 | D:9      | Reached skill level 10 in Armour
  9441 | D:9      | Noticed Prince Ribbit
  9447 | D:9      | Killed Prince Ribbit
  9647 | D:9      | Noticed a centaur warrior
  9665 | D:10     | Entered Level 10 of the Dungeon
  9974 | D:10     | Reached XP level 12. HP: 98/106 MP: 11/11
 10032 | D:10     | Reached skill level 18 in Axes
 10105 | D:10     | Found a bloodstained altar of Trog.
 10186 | D:10     | Found a stormy altar of Qazlal.
 10223 | D:10     | Found a radiant altar of Vehumet.
 10980 | D:11     | Paralysed by an orc for 3 turns
 11058 | D:11     | Found a staircase to the Orcish Mines.
 11191 | D:11     | Found a staircase to the Lair.
 11277 | D:11     | Found Kyibbeace's Magic Scroll Boutique.
 11285 | D:11     | Bought a scroll of blinking for 135 gold pieces
 11285 | D:11     | Bought a scroll of enchant armour for 135 gold pieces
 11425 | D:11     | Noticed a two-headed ogre
 11430 | D:11     | Killed a two-headed ogre
 11431 | D:11     | Reached skill level 19 in Axes
 11640 | D:11     | Noticed an eight-headed hydra
 11648 | D:11     | Killed a 13-headed hydra
 11925 | D:11     | Bought a scroll of brand weapon for 171 gold pieces
 11926 | D:11     | Bought a scroll of brand weapon for 171 gold pieces
 11961 | Lair:1   | Entered Level 1 of the Lair of Beasts
 12913 | Lair:2   | Reached XP level 13. HP: 104/117 MP: 12/12
 13458 | Lair:2   | Reached skill level 20 in Axes
 13617 | Lair:2   | Found a staircase to the Shoals.
 13948 | Lair:3   | Identified the +5 ring mail of Modern Wonder {rF+ Regen+
                  | Str+2 Int+4}
 14130 | Lair:3   | Found a staircase to the Snake Pit.
 15678 | Lair:5   | Entered Level 5 of the Lair of Beasts
 15728 | Lair:5   | Reached skill level 21 in Axes
 16282 | Lair:5   | Found a staircase to the Slime Pits.
 16345 | Lair:5   | Reached XP level 14. HP: 106/129 MP: 13/13
 17180 | Lair:5   | Reached skill level 22 in Axes
 18635 | D:12     | Identified the +6 dagger of Taankiti {spect, rN+ rCorr
                  | Str+4 Dex-4}
 19730 | D:13     | Found a frozen archway.
 19880 | D:13     | Reached XP level 15. HP: 92/139 MP: 14/14
 20378 | D:13     | Found a transporter.
 20384 | D:13     | Found a bloodstained altar of Trog.
 20384 | D:13     | Noticed HilariousDeathArtist's ghost (journeyman VSBe)
 20415 | D:13     | Reached skill level 15 in Fighting
 20415 | D:13     | Reached skill level 1 in Dodging
 20469 | D:13     | Found a transporter.
 20685 | D:14     | Reached skill level 15 in Armour
 20685 | D:14     | Found a broken altar of Ashenzari.
 20737 | D:14     | Found a gate to the Vaults.
 21381 | D:14     | Reached skill level 5 in Shields
 21743 | D:15     | Entered Level 15 of the Dungeon
 21942 | D:15     | Reached skill level 5 in Dodging
 22037 | D:15     | Found a staircase to the Depths.
 23536 | Orc:1    | Entered Level 1 of the Orcish Mines
 23578 | Orc:1    | Noticed an orc warlord
 23603 | Orc:1    | Killed an orc warlord
 24099 | Orc:2    | Entered Level 2 of the Orcish Mines
 24326 | Orc:2    | Found Peiratyc's CLEARANCE SALE!.
 24369 | Orc:2    | Reached XP level 16. HP: 147/151 MP: 15/15
 24632 | Orc:2    | Found a staircase to the Elven Halls.
 24658 | Orc:2    | Found Nivaf's Antique Weapon Boutique.
 24669 | Orc:2    | Found Hapaimm's Antique Armour Shop.
 24931 | Orc:2    | Found Luiri's Magic Scroll Boutique.
 24931 | Orc:2    | Paralysed by an orc sorcerer for 5 turns
 24994 | Orc:2    | Bought a scroll of blinking for 75 gold pieces
 24994 | Orc:2    | Bought a scroll of enchant weapon for 75 gold pieces
 24994 | Orc:2    | Bought a scroll of magic mapping for 75 gold pieces
 24994 | Orc:2    | Bought a scroll of brand weapon for 95 gold pieces
 25256 | Orc:2    | Found Eleleame's Magic Scroll Shop.
 25274 | Orc:2    | Bought a scroll of enchant weapon for 120 gold pieces
 25355 | Orc:2    | Bought a runed cloak for 232 gold pieces
 25367 | Orc:2    | Bought transparent ice dragon scales for 2015 gold pieces
 25367 | Orc:2    | Identified the +8 ice dragon scales of the Ego {rF- rC++
                  | rN+ Will++} (You bought it in a shop on level 2 of the
                  | Orcish Mines)
 25516 | Snake:1  | Entered Level 1 of the Snake Pit
 25516 | Snake:1  | Noticed Louise
 25523 | Snake:1  | Killed Louise
 25637 | Snake:1  | Identified the +1 chain mail "Hixzith" {Regen+ Slay+3}
 26314 | Snake:3  | Noticed Vashnia
 26316 | Snake:4  | Entered Level 4 of the Snake Pit
 26635 | Snake:4  | Reached skill level 10 in Dodging
 28268 | Snake:4  | Reached XP level 17. HP: 72/161 MP: 16/16
 28678 | Snake:4  | Reached skill level 10 in Shields
 28846 | Snake:4  | Got a serpentine rune of Zot
 29362 | Snake:3  | HP: 5/162 [salamander/+0 halberd (16)]
 29362 | Snake:3  | Slain by a salamander

Illustrated notes

Levels and vault maps discovered:
D:1:      evilmike_arrival_hilbert_curve, layout_loops_cross
D:2:      layout_basic, minmay_misc_feat_room, kennysheep_potato
D:3:      kennysheep_slugbush, layout_basic, lemuel_tele_altar,
          shapermc_ecumenical_altar_starsandcircs
D:4:      layout_basic, mainiacjoe_overflow_concentric_impassable,
          mainiacjoe_overflow_alcove_1
D:5:      layout_basic, serial_shops, shop, nicolae_shop_hallway_plus,
          nicolae_shop_crystal, shop_fountains, kennysheep_generic_room_7
D:6:      layout_cave_pools, makhleb_grotto_becter, uniq_edmund
D:7:      layout_rooms, minmay_temple_entry_mini_moons
D:8:      layout_loops_ring, kiku_gazebo_pond_becter,
          nemelex_spade_bored_becter, cheibriados_altar_2,
          mainiacjoe_overflow_boulevard, enter_bailey_7, uniq_erica, uniq_pikel
D:9:      layout_grid_maze, lemuel_coloured_pillars_altar,
          ebering_ghost_inner_flame, uniq_prince_ribbit1, uniq_maggie,
          uniq_harold, uniq_gastronok
D:10:     layout_basic, nicolae_vehumet_altar_sigil, grunt_qazlal_sundering,
          trog_three_pillars_becter, nrook_uturn
D:11:     layout_small_grid, erik_lair_orcish_takeover, hiddenorc2_lemuel,
          serial_shops, shop
D:12:     minmay_the_grid_triangle_9x9_recursive_2_mashed
          [minmay_the_grid_triangle_9x9_prize_center,
          minmay_the_grid_triangle_9x9_sprig,
          minmay_the_grid_triangle_9x9_wacky_v,
          minmay_the_grid_triangle_9x9_corrupted_corridor], layout_loops_ring
D:13:     layout_roguey, gammafunk_ghost_wrathful_warriors,
          portal_ice_cave_entry_pillars_2, kennysheep_small_spiral, drop_trap
D:14:     layout_roguey, skrybe_vaults_entry_preservation,
          evilmike_ruin_ashenzari
D:15:     gammafunk_depths_entry_grave, layout_loops_corners, serial_undead,
          serial_undead_c, serial_undead_f, serial_undead_e, serial_undead_a
Lair:1:   layout_concentric_octagons, lemuel_fruit_tree, lemuel_fruit_fields
Lair:2:   layout_chaotic_city, elwin_shoals_entry_rooms
Lair:3:   layout_regular_city, minmay_snake_entry_guardpost_medium,
          chequers_serial_rivers_small_b, dreamdust_gnoll_shepherd,
          grunt_megastairs_5
Lair:4:   layout_loops_ring, serial_bayou_shore_b
Lair:5:   evilmike_catoblepas_cave, layout_cave_pods, slime_entry_1,
          lemuel_fruit_fields
Snake:1:  layout_onion_interference, st_stairs_9, guppyfry_library_mini,
          uniq_aizul, uniq_louise
Snake:2:  layout_gridlike, nicolae_snake_coiling_death
Snake:3:  layout_onion, nrook_guardian_serpent_ordinary, uniq_vashnia
Snake:4:  snake_pit, layout_cave_town, nicolae_snake_springs
Orc:1:    layout_caves
Orc:2:    grunt_orc_community_town_hall, layout_caves,
          grunt_orc_community_big_house_2, grunt_orc_community_big_house_1,
          grunt_orc_community_house_3, grunt_orc_community_house_1,
          grunt_orc_community_house_3, grunt_orc_community_house_2,
          grunt_orc_community_house_2, basic_altar, nicolae_shop_clearance

Skill      XL: |  1  2  3  4  5  6  7  8  9 10 11 12 13 14 15 16 17 |
---------------+----------------------------------------------------+-----
Axes           | 3 4 5 6 8 9 16 17 19 21 22 | 22.9
Armour         | 4 5 6 7 8 10 11 13 14 16 17 | 17.4
Fighting       | 4 5 6 7 8 10 11 13 14 16 17 | 17.4
Evocations     | 1 2 4 5 6 |  6.0
Dodging        | 8 11 12 | 12.4
Shields        | 7 9 10 | 10.3

Action                   |  1- 3 |  4- 6 |  7- 9 | 10-12 | 13-15 | 16-18 || total
-------------------------+-------+-------+-------+-------+-------+-------++-------
Melee: War axe           |    78 |       |       |       |       |       ||    78
       Headbutt          |    11 |     9 |    19 |    66 |   200 |   102 ||   407
       Broad axe         |     6 |   112 |   157 |   367 |   758 |   393 ||  1793
       Unarmed           |       |       |     9 |       |       |       ||     9
Invok: Call Merchant     |       |       |       |       |       |     2 ||     2
       Potion Petition   |       |       |       |       |       |     1 ||     1
Evoke: Wand              |       |       |       |     6 |     2 |     3 ||    11
  Use: Scroll            |     3 |     9 |     1 |    10 |     6 |    10 ||    39
       Potion            |       |       |     5 |     3 |     2 |     7 ||    17
 Stab: Distracted        |       |       |     1 |     4 |    25 |    10 ||    40
       Invisible         |       |       |     3 |     5 |       |       ||     8
       Paralysed         |       |       |       |       |     1 |     2 ||     3
       Petrified         |       |       |       |       |     2 |       ||     2
Armor: Scale mail        |    28 |       |       |       |       |       ||    28
       Plate armour      |    17 |    81 |    93 |   131 |   304 |   170 ||   796
       Skin              |       |       |     3 |       |       |       ||     3
Dodge: Dodged            |    36 |    24 |    35 |    57 |   144 |   119 ||   415
Block: Buckler           |    18 |    23 |    45 |   126 |   209 |       ||   421
       Reflection        |       |       |       |     8 |     9 |    51 ||    68
       Kite shield       |       |       |       |       |    15 |   363 ||   378
